 Seeded DCSS version 0.30-a0-743-gbfdf073431 (webtiles) character file.

Game seed: 5430720872467839093 (custom seed)

4719 purpskrrrp the Unseen (level 10, -5/77 HPs)
             Began as an Octopode Brigand on Feb 7, 2023.
             Was an Elder of Trog.
             Slain by Psyche
             ... wielding a +2 dagger of distortion
              (23 damage)
             ... on level 8 of the Dungeon.
             The game lasted 00:12:58 (7909 turns).

purpskrrrp the Unseen (Octopode Brigand)            Turns: 7909, Time: 00:12:59

Health: -5/77      AC:  1    Str: 20    XL:     10   Next: 45%
Magic:  19/19      EV: 13    Int: 13    God:    Trog [****..]
Gold:   1900       SH:  0    Dex: 18    Spells: 9/9 levels left

rFire   + . .      SeeInvis .    a - +2 dagger (protect)
rCold   + . .      Faith    .    (no shield)
rNeg    + . .      Spirit   .    (helmet restricted)
rPois   .          Reflect  .    (no amulet)
rElec   .          Harm     .    k - +6 ring of strength
rCorr   +          Rampage  .    p - ring of protection from cold
Will    ++...                    q - ring of Juyfacigel {rCorr MP+9 Str+3 Slay+3}
Stlth   +++++++                  C - ring of positive energy
HPRegen 1.32/turn                M - +4 ring of slaying
MPRegen 0.16/turn                l - ring of protection from fire
                                 (no ring)
                                 (no ring)

@: strong-willed, regenerating, studying 2 skills, unable to drink
A: almost no armour, amphibious, 8 rings, camouflage 1, gelatinous body 1,
(nimble swimmer 1), tentacles, inability to drink after injury 1
a: Renounce Religion, Berserk, Trog's Hand, Brothers in Arms


You were on level 8 of the Dungeon.
You worshipped Trog.
Trog was greatly pleased with you.
You visited 1 branch of the dungeon, and saw 8 of its levels.

You collected 2327 gold pieces.
You spent 427 gold pieces at shops.

Inventory:

Hand Weapons
 a - a +2 dagger of protection (weapon)
Missiles
 b - 12 poisoned darts
 c - a curare-tipped dart
 u - a throwing net
Jewellery
 k - a +6 ring of strength (left tentacle)
 l - a ring of protection from fire (on tentacle)
 p - a ring of protection from cold (right tentacle)
 q - the ring of Juyfacigel (on tentacle) {rCorr MP+9 Str+3 Slay+3}
   (You acquired it on level 2 of the Dungeon)

   [ring of magical power]

   Str:       It affects your strength (+3).
   Slay:      It affects your accuracy & damage with ranged weapons and melee
   (+3).
   MP:        It affects your magic capacity (+9).
   rCorr:     It protects you from acid and corrosion.
 C - a ring of positive energy (on tentacle)
 M - a +4 ring of slaying (on tentacle)
 Q - a +6 ring of intelligence
Wands
 r - a wand of flame (12)
 x - a wand of mindburst (18)
 y - a wand of roots (1)
 G - a wand of quicksilver (2)
 P - a wand of polymorph (16)
 R - a wand of paralysis (2)
Scrolls
 d - 2 scrolls of torment {unknown}
 e - 2 scrolls of amnesia
 f - 7 scrolls of identify
 h - 2 scrolls of magic mapping {unknown}
 i - 5 scrolls of noise {unknown}
 j - 4 scrolls of teleportation {unknown}
 m - 6 scrolls of enchant armour
 n - a scroll of fog {unknown}
 o - 2 scrolls of immolation {unknown}
 s - a scroll of poison {unknown}
 v - a scroll of silence {unknown}
 B - a scroll of butterflies {unknown}
 I - 2 scrolls of enchant weapon {unknown}
 S - a scroll of fear
Potions
 g - 3 potions of attraction
 t - 3 potions of degeneration {unknown}
 w - 2 potions of lignification {unknown}
 z - a potion of ambrosia {unknown}
 A - 4 potions of berserk rage {unknown}
 D - a potion of brilliance {unknown}
 E - 2 potions of resistance {unknown}
 F - a potion of magic {unknown}
 H - 4 potions of curing
 J - a potion of might {unknown}
 L - a potion of invisibility {unknown}
 N - a potion of flight {unknown}
 O - 2 potions of heal wounds {unknown}


   Skills:
 + Level 10.7 Fighting
 - Level 2.0 Short Blades
 - Level 2.0 Throwing
 - Level 1.0 Dodging
 + Level 15.7 Stealth
 + Level 10.5 Unarmed Combat


You had 9 spell levels left.
You didn't know any spells.
Your spell library was empty.

Dungeon Overview and Level Annotations

Branches:
Dungeon (8/15)             Temple (0/1) D:4
   Lair: D:8-11

Altars:
Ashenzari
Elyvilon
Fedhas
Gozag
Kikubaaqudgha
Makhleb
Okawaru
Trog

Shops:
D:2 ?

Annotations:
D:8 Psyche


Innate Abilities, Weirdness & Mutations

You cannot wear most types of armour.
You are amphibious.
You can wear up to eight rings at the same time.
Your skin changes colour to match your surroundings (Stealth+).
Your rubbery body absorbs attacks. (AC +1, EV +1)
((You are camouflaged when in or above water. (Stealth+)))
You have tentacles for arms and can constrict up to eight enemies at once.
You occasionally lose the ability to drink potions when taking damage.


Message History

You are too injured to fight recklessly!
You are too injured to fight recklessly!
You are too injured to fight recklessly!
You are too injured to fight recklessly!
You are too injured to fight recklessly!
You are too injured to fight recklessly!
You are too injured to fight recklessly!
Blink to where?
Press: ? - help, Dir - move target
As you read the scroll of blinking, it crumbles to dust.
Psyche gestures wildly while chanting.
Psyche flickers and vanishes!
Deactivating autopickup; reactivate with Ctrl-A.
There are monsters nearby!
There are monsters nearby!
There are monsters nearby!
You hear some strange, mumbled words.
A swirling arc of seething chaos appears!
An arc of chaos appears from out of thin air!
The arc of chaos hits the yak.
You hear a bellow!
You hear some strange, mumbled words.
Something tries to affect you, but you resist.
You hear a shout!
Your skin crawls.
You feel strong-willed.
You hear some strange, mumbled words.
Something tries to affect you, but you resist.
You hear some strange, mumbled words.
A swirling arc of seething chaos appears!
An arc of chaos appears from out of thin air!
The arc of chaos hits you. Something hits you.
You barely miss something. You squeeze something! Something hits you!
Space warps around you.
You barely miss something. You squeeze something!! Something hits you!
* * * LOW HITPOINT WARNING * * *
Space warps horribly around you!!
You feel threatened and lose the ability to drink potions!
You die...

#. #.. #.####..
#....... #.####.. #.#
#.. #.# #.. ###
#.####.. #.# #.......
######@#########..###..
........{Y.........#
##+
##.####.#########..#
#.# #..# # #.# #####..#
#. #.# #..Y...# #. ..#
#YY..Y.# #. #.#
#......####. #.
........#....


You could see a yak.

Vanquished Creatures
  2 two-headed ogres
  Joseph (D:8)
  The ghost of purpskrrrp the Covert, a novice OpBr (D:4)
  A yak (D:8)
  2 water moccasins (D:6)
  Duvessa (D:5)
  2 ice beasts
  A sky beast (D:7)
  A centaur (D:7)
  An ogre (D:7)
  Blork the orc (D:4)
  4 bullfrogs
  2 gnoll sergeants
  3 scorpions
  4 necrophages
  Dowan (D:5)
  A wight (D:6)
  A crimson imp (D:7)
  A gnoll bouda (D:6)
  4 orc priests
  4 hounds
  A jelly (D:6)
  3 iguanas
  10 orc wizards
  19 gnolls
  12 adders
  A shadow imp (D:6)
  5 white imps
  An ufetubus (D:5)
  3 worms (D:4)
  A dart slug (D:4)
  23 orcs
  3 bats
  8 endoplasms
  3 giant cockroaches
  4 goblins
  7 hobgoblins
  7 jackals
  6 kobolds
  5 quokkas
  8 ball pythons
  2 frilled lizards
  3 rats
174 creatures vanquished.

Notes
Turn   | Place    | Note
-------+----------+-------------------------------------------
     0 | D:1      | purpskrrrp the Octopode Brigand began the quest for the
                  | Orb.
     0 | D:1      | Reached XP level 1. HP: 14/14 MP: 1/1
    85 | D:1      | Gained mutation: You occasionally lose the ability to drink
                  | potions when taking damage. [potion of mutation]
    92 | D:1      | Reached skill level 6 in Stealth
    92 | D:1      | Reached XP level 2. HP: 5/19 MP: 2/2
   794 | D:1      | Reached XP level 3. HP: 24/24 MP: 3/3
   980 | D:2      | Reached skill level 7 in Stealth
  1174 | D:2      | Noticed a necrophage
  1184 | D:2      | Killed a necrophage
  1185 | D:2      | Reached skill level 8 in Stealth
  1185 | D:2      | Reached XP level 4. HP: 17/29 MP: 4/4
  1342 | D:2      | Reached XP level 5. HP: 23/34 MP: 5/5
  1528 | D:2      | Found Doddoiw's Magic Scroll Shoppe.
  1617 | D:2      | Identified 4 scrolls of acquirement
  1617 | D:2      | Acquired 1276 gold pieces
  1619 | D:2      | Acquired the ring of Juyfacigel {rCorr MP+9 Str+3 Slay+3}
  1623 | D:2      | Acquired a manual of Unarmed Combat
  1625 | D:2      | Acquired 725 gold pieces
  1660 | D:2      | Bought a scroll of identify for 28 gold pieces
  1660 | D:2      | Bought a scroll of enchant armour for 105 gold pieces
  1660 | D:2      | Bought a scroll of enchant armour for 105 gold pieces
  1660 | D:2      | Bought a scroll of identify for 28 gold pieces
  1660 | D:2      | Bought a scroll of fear for 56 gold pieces
  1660 | D:2      | Bought a scroll of blinking for 105 gold pieces
  1726 | D:3      | Found a faded altar of an unknown god.
  1792 | D:3      | Prayed at the altar of an unknown god.
  1792 | D:3      | Became a worshipper of Trog the Wrathful
  1792 | D:3      | Reached * piety under Trog
  1907 | D:3      | Reached skill level 9 in Stealth
  2055 | D:3      | Found an iron altar of Okawaru.
  2131 | D:3      | Reached XP level 6. HP: 23/39 MP: 6/6
  2141 | D:2      | Reached ** piety under Trog
  2142 | D:2      | Reached skill level 10 in Stealth
  2348 | D:3      | Identified the +3 short sword of the Manifold Quests
                  | {flame, rElec Int+5}
  2518 | D:3      | Identified the +2 robe of Binutifa {rPois Dex+5}
  2934 | D:4      | Reached skill level 11 in Stealth
  3010 | D:4      | Found a runed translucent door.
  3011 | D:4      | Found a staircase to the Ecumenical Temple.
  3026 | D:4      | Noticed purpskrrrp's ghost (novice OpBr)
  3104 | D:4      | Reached XP level 7. HP: 45/45 MP: 7/7
  3258 | D:4      | Noticed Blork the orc
  3268 | D:4      | Killed Blork the orc
  3357 | D:4      | Reached skill level 12 in Stealth
  3522 | D:4      | Reached skill level 1 in Unarmed Combat
  3540 | D:4      | Killed purpskrrrp's ghost
  3541 | D:4      | Reached XP level 8. HP: 53/54 MP: 8/8
  3582 | D:5      | Entered Level 5 of the Dungeon
  3583 | D:5      | Noticed a two-headed ogre
  3600 | D:5      | Killed a two-headed ogre
  3601 | D:5      | Reached skill level 13 in Stealth
  3601 | D:5      | Reached skill level 5 in Unarmed Combat
  3970 | D:5      | Reached XP level 9. HP: 63/63 MP: 9/9
  3973 | D:5      | Reached *** piety under Trog
  4160 | D:5      | Noticed Dowan
  4161 | D:5      | Noticed Duvessa
  4165 | D:5      | Killed Dowan
  4171 | D:5      | Killed Duvessa
  4671 | D:6      | Reached skill level 14 in Stealth
  4762 | D:6      | Noticed a two-headed ogre
  4786 | D:6      | Killed a two-headed ogre
  5235 | D:6      | Found an opulent altar of Gozag.
  5256 | D:6      | Found a broken altar of Ashenzari.
  5318 | D:6      | Found a white marble altar of Elyvilon.
  5318 | D:6      | Found an ancient bone altar of Kikubaaqudgha.
  5325 | D:6      | Found a burning altar of Makhleb.
  5325 | D:6      | Found a blossoming altar of Fedhas.
  5599 | D:6      | Reached skill level 15 in Stealth
  5600 | D:6      | HP: 2/69 [acid dragon (6)]
  5995 | D:6      | Reached XP level 10. HP: 67/74 MP: 10/10
  6633 | D:7      | Reached skill level 10 in Fighting
  6744 | D:7      | Reached **** piety under Trog
  6811 | D:7      | Reached skill level 10 in Unarmed Combat
  7416 | D:8      | Noticed Joseph
  7429 | D:8      | Killed Joseph
  7645 | D:8      | Noticed Psyche
  7909 | D:8      | Slain by Psyche

Illustrated notes

Levels and vault maps discovered:
D:1:      dpeg_arrival_boxes_within_box, layout_basic
D:2:      layout_loops_ring, serial_shops, shop, nicolae_kite_square_tiling_tiny
D:3:      layout_rooms, okawaru_metal_pillars_3, ebering_ecumenical_altar_rust
D:4:      layout_basic, minmay_temple_entry_overgrown, ebering_ghost_sewer_d,
          minmay_manual_monstrance, uniq_blork_the_orc
D:5:      layout_basic, uniq_duvessa
D:6:      layout_gridville, mainiacjoe_overflow_tiny_flanked,
          grunt_temple_overflow_open, cheibrodos_ashenzari_chains, minivault_5,
          minmay_pentangle
D:7:      layout_cave_pools, minmay_fire_ice_demons
D:8:      layout_basic, trog_wizard, chequers_serial_rivers_marsh, uniq_psyche,
          uniq_joseph

Skill      XL: |  1  2  3  4  5  6  7  8  9 10 |
---------------+-------------------------------+-----
Stealth        | 6 8 9 11 12 13 15 | 15.7
Unarmed Combat | 3 6 9 10 | 10.5
Fighting       | 4 6 9 10 | 10.7
Short Blades   | |  2.0
Throwing       | |  2.0
Dodging        | |  1.0

Action                     |  1- 3 |  4- 6 |  7- 9 | 10-12 || total
---------------------------+-------+-------+-------+-------++-------
  Melee: Dagger            |    54 |   100 |   150 |    80 ||   384
         Constrict         |    10 |    31 |    26 |    19 ||    86
         Tentacles         |     8 |    26 |    33 |    19 ||    86
         Punch             |     1 |     2 |     9 |     4 ||    16
  Throw: Dart              |     6 |       |     7 |       ||    13
 Invoke: Trog's Hand       |       |       |     1 |     1 ||     2
         Berserk           |       |       |     1 |       ||     1
  Evoke: Wand              |       |       |     8 |       ||     8
    Use: Potion            |     2 |     1 |     2 |       ||     5
         Scroll            |     1 |     5 |     5 |     1 ||    12
   Stab: Sleeping          |    13 |    11 |    21 |    10 ||    55
 Armour: Skin              |     5 |    33 |    38 |    21 ||    97
  Dodge: Dodged            |    23 |    57 |    87 |    53 ||   220

Table legend: (Time is in decaauts)
 A = Elapsed time spent in this place.
 B = Non-inter-level travel time spent in this place.
 C = Inter-level travel time spent in this place.
 D = Time resting spent in this place.
 E = Time spent auto-exploring this place.
 F = Levels seen in this place.
 G = Mean time per level.
                   A        B        C        D        E       F      G
               +--------+--------+--------+--------+--------+-----+--------+
         Total |   7877 |   7435 |    442 |   1430 |   4905 |   8 |  984.6 |
       Dungeon |   7877 |   7435 |    442 |   1430 |   4905 |   8 |  984.6 |
               +--------+--------+--------+--------+--------+-----+--------+

Top non-repeatable levels by time:
     D:6: 1880 daAuts
     D:5: 1050 daAuts
     D:4: 1024 daAuts
     D:2: 941 daAuts
     D:1: 914 daAuts
     D:7: 833 daAuts
     D:3: 679 daAuts
     D:8: 552 daAuts
